 Dungeon Crawl Stone Soup version 0.31.0-4-g52a2dc7128 (webtiles) character file.

Game seed: 18119015409664804657

352 RancidPinata the Sneak (level 6, -1/44 HPs)
             Began as an Octopode Delver on Jan 23, 2024.
             Was an Initiate of Ru.
             Slain by Pargi (3 damage)
             ... on level 3 of the Dungeon.
             The game lasted 00:06:52 (1402 turns).

RancidPinata the Sneak (Octopode Delver)            Turns: 1402, Time: 00:06:52

Health: -1/44      AC:  1    Str: 13    XL:     6   Next: 61%
Magic:  6/6        EV: 14    Int: 12    God:    Ru [......]
Gold:   102        SH:  0    Dex: 14    Spells: 5/5 levels left

rFire   . . .        q - +2 dagger (venom)
rCold   . . .        (no shield)
rNeg    . . .        (helmet restricted)
rPois   .            (no amulet)
rElec   .            (no ring)
rCorr   .            (no ring)
SInv    .            (no ring)
Will    .....        (no ring)
Stlth   +++++        (no ring)
HPRegen 0.27/turn    (no ring)
MPRegen 0.10/turn    (no ring)
                     (no ring)

%: no passive effects
@: no status effects
A: almost no armour, amphibious, 8 rings, camouflage 1, gelatinous body 1,
(nimble swimmer 1), tentacles
a: Renounce Religion


You were on level 3 of the Dungeon.
You worshipped Ru.
Ru was noncommittal.
You visited 2 branches of the dungeon, and saw 5 of its levels.

You collected 102 gold pieces.

Inventory:

Hand Weapons
 a - a +0 short sword
 q - a +2 dagger of venom (weapon)
Missiles
 j - 6 boomerangs (quivered)
Wands
 f - a wand of digging (3)
 i - a wand of mindburst (8)
Scrolls
 b - a scroll of fog
 c - a scroll of revelation
 d - a scroll of fear
 g - a scroll of teleportation {unknown}
 h - a scroll of enchant weapon {unknown}
 l - a scroll of vulnerability {unknown}
 n - a scroll of noise {unknown}
 o - a scroll of amnesia {unknown}
 p - 2 scrolls of poison {unknown}
 r - a scroll of identify {unknown}
Potions
 e - a potion of haste
 k - a potion of curing {unknown}


   Skills:
 * Level 4.4 Fighting
 + Level 3.4 Short Blades
 + Level 1.4 Throwing
 * Level 3.8 Dodging
 + Level 7.8 Stealth


You had 5 spell levels left.
You didn't know any spells.
Your spell library was empty.

Dungeon Overview and Level Annotations

Branches:
Dungeon (6/15)             Temple (1/1) D:4

Altars:
Cheibriados
Dithmenos
Elyvilon
Hepliaklqana
Okawaru
Ru
Vehumet
Zin

Annotations:
D:3 Pargi
D:4 Eustachio
D:5 Prince Ribbit


Innate Abilities, Weirdness & Mutations

You cannot wear most types of armour.
You are amphibious.
You can wear up to eight rings at the same time.
Your skin changes colour to match your surroundings (Stealth+).
Your rubbery body absorbs attacks. (AC +1, EV +1)
((You are camouflaged when in or above water. (Stealth+)))
You have tentacles for arms and can constrict up to eight enemies at once.


Message History

You kill the quokka!
You start resting.
HP restored.
There are no items here.
r - a scroll labelled KOSSIAD YRREI Your +0 dagger of venom stops dripping with poison.
Your +2 dagger of venom begins to drip with poison!
q - a +2 dagger of venom (weapon)
You drop a +0 dagger of venom.
Pargi the Meek comes into view.
An adder comes into view.
Found a stone staircase leading down.
Pargi shouts!
The adder hisses angrily.
Pargi closely misses you. Pargi claws you. x2
You hit Pargi.
Pargi is poisoned.
Pargi is lightly wounded.
Pargi closely misses you. x2; Pargi claws you.
You hit Pargi.
Pargi looks as sick as possible!
Pargi is moderately wounded.
You hit Pargi.
Pargi is heavily wounded.
Pargi bites you. Pargi closely misses you. Pargi claws you but does no damage.
The adder barely misses you.
You closely miss Pargi.
Pargi is heavily wounded.
The adder barely misses you.
Pargi snarls, "My home!
Leave!"
Pargi bites you! Pargi claws you. x2
You barely miss Pargi.
Pargi is heavily wounded.
The adder bites you. Pargi bites you!
* * * LOW HITPOINT WARNING * * *
Pargi claws you.
* * * LOW HITPOINT WARNING * * *
Pargi closely misses you. The adder attacks as it pursues you!
The adder misses you. Pargi attacks as he pursues you! Pargi bites you.
* * * LOW HITPOINT WARNING * * *
Pargi claws you.
You die...

....+># #....#.# ##
##......# . .+......
#.#.....# #.#.....##
#......#.# #ST.#..#
#.@#...# ####
######...##
##...##...##..!#
#.#....)#...#...# ###
#..#...#.#...#..#...#
#...#...#.....#.#...###
#....##........##.....#
#....############^....#
#...#..# ##......#


You could see Pargi (very poisoned) and an adder.

Vanquished Creatures
  Menkaure (D:4)
  3 bombardier beetles
  A hound (D:5)
  An iguana (D:4)
  Robin (D:4)
  5 adders
  2 orcs
  10 goblins
  5 hobgoblins
  A quokka (D:3)
  A rat (D:3)
31 creatures vanquished.

Vanquished Creatures (others)
  A quokka (D:6)
1 creature vanquished.

Grand Total: 32 creatures vanquished

Notes
Turn   | Place    | Note
-------+----------+-------------------------------------------
     0 | D:5      | RancidPinata the Octopode Delver began the quest for the
                  | Orb.
     0 | D:5      | Reached XP level 1. HP: 16/16 MP: 1/1
    65 | D:6      | Noticed an ogre
   113 | D:6      | Found a white marble altar of Elyvilon.
   124 | D:6      | Noticed a sleepcap
   169 | D:5      | Noticed an acid dragon
   169 | D:5      | Noticed Prince Ribbit
   169 | D:5      | Noticed a hound
   169 | D:5      | Found a snail-covered altar of Cheibriados.
   182 | D:6      | Noticed a wight
   192 | D:5      | Noticed a hound
   207 | D:5      | Killed a hound
   208 | D:5      | Reached XP level 2. HP: 2/21 MP: 2/2
   208 | D:5      | Reached XP level 3. HP: 2/26 MP: 3/3
   329 | D:5      | Reached skill level 7 in Stealth
   329 | D:5      | Reached XP level 4. HP: 31/31 MP: 4/4
   549 | D:4      | Noticed Menkaure
   574 | D:4      | Killed Menkaure
   575 | D:4      | Reached skill level 1 in Throwing
   575 | D:4      | Reached XP level 5. HP: 22/37 MP: 5/5
   575 | D:4      | Reached XP level 6. HP: 25/43 MP: 6/6
   712 | D:4      | Noticed Robin
   735 | D:4      | Killed Robin
   843 | D:4      | Found a staircase to the Ecumenical Temple.
   856 | Temple   | Entered the Ecumenical Temple
   925 | Temple   | Became a worshipper of Ru the Awakened
  1161 | D:4      | Noticed Eustachio
  1393 | D:3      | Noticed Pargi
  1402 | D:3      | HP: 2/44 [Pargi (6)]
  1402 | D:3      | Slain by Pargi

Illustrated notes

Levels and vault maps discovered:
D:3:      layout_basic, jmf_multi_god_temple, st_stairs_11,
          hangedman_decor_slide_cut, uniq_pargi, uniq_grinder
D:4:      layout_basic, minmay_temple_entry_sparse_star, serial_bayou_pond_c,
          uniq_menkaure, uniq_eustachio, uniq_robin
D:5:      layout_layer_cave, amcnicky_altar_gilded, nzn_wu_jian_council_hall,
          hellmonk_sif_muna_bookshelves, hangedman_feature_mirror,
          grunt_decor_arrowhead, uniq_prince_ribbit1
D:6:      layout_basic, elyvilon_altar_4, tso_altar
Temple:   nicolae_temple_superstar

Skill      XL: |  1  2  3  4 |
---------------+-------------+-----
Stealth        | 7 |  7.8
Dodging        | 3 |  3.8
Fighting       | 4 |  4.4
Short Blades   | 3 |  3.4
Throwing       | 1 |  1.4

Action                     |  1- 3 |  4- 6 || total
---------------------------+-------+-------++-------
  Melee: Short sword       |    13 |    43 ||    56
         Tentacles         |     3 |    19 ||    22
         Constrict         |     2 |    19 ||    21
         Dagger            |       |    18 ||    18
         Punch             |       |     2 ||     2
   Stab: Sleeping          |       |     4 ||     4
         Distracted        |       |     1 ||     1
 Armour: Skin              |     6 |    35 ||    41
  Dodge: Dodged            |     4 |    36 ||    40
